 Dungeon Crawl Stone Soup version 0.17-b1-20-g63edfd6 (webtiles) character file.

371 DEFE the Shield-Bearer (level 6, 0/64 HPs)
             Began as an Octopode Fighter on Nov 5, 2015.
             Was an Initiate of Okawaru.
             Slain by Duvessa
             ... wielding a +0 short sword
              (2 damage)
             ... on level 5 of the Dungeon.
             The game lasted 00:05:19 (3912 turns).

DEFE the Shield-Bearer (Octopode Fighter)           Turns: 3912, Time: 00:05:19

Health: 0/64       AC: 23    Str: 15    XL:     6   Next: 70%
Magic:  6/6        EV:  2    Int: 18    God:    Okawaru [......]
Gold:   177        SH:  9    Dex: 11    Spells: 0 memorised, 5 levels left

rFire  . . .     SeeInvis .     a - +0 trident
rCold  + . .     Clarity  .     b - +0 shield
rNeg   + + +     SustAt   .     (helmet currently unavailable)
rPois  +         Gourm    .     (no amulet)
rElec  .         Spirit   .     h - ring of protection from magic
rCorr  .         Warding  .     l - ring of poison resistance
rMut   .         NoTele   +     A - ring of protection from cold
MR     +....                    v - ring of flight
Stlth  +.........               (no ring)
                                (no ring)
                                (no ring)
                                (no ring)

@: brilliant, tree-form, glowing, invisible (but backlit and visible), somewhat
resistant to hostile enchantments, very unstealthy
A: almost no armour, amphibious, 8 rings, (constrict 8), (camouflage 0),
(gelatinous body 0)
a: Renounce Religion


You were on level 5 of the Dungeon.
You worshipped Okawaru.
Okawaru was noncommittal.
You were not hungry.
You were a tree.
You visited 1 branch of the dungeon, and saw 5 of its levels.

You collected 177 gold pieces.

Inventory:

Hand Weapons
 a - a +0 trident (weapon)
Armour
 b - a +0 shield (worn)
Jewellery
 h - a ring of protection from magic (left branch)
 l - a ring of poison resistance (right branch)
 v - a ring of flight (on tentacle)
 A - a ring of protection from cold (on tentacle)
Wands
 z - a wand of random effects (28)
Scrolls
 e - 4 scrolls of magic mapping {unknown}
 i - 2 scrolls of teleportation {unknown}
 j - 4 scrolls of identify {unknown}
 n - 2 scrolls of amnesia {unknown}
 o - 2 scrolls of enchant weapon {unknown}
 q - 2 scrolls of remove curse {unknown}
 r - a scroll of noise {unknown}
 x - 3 scrolls of random uselessness {unknown}
 y - a scroll of recharging {unknown}
Potions
 c - a potion of might
 g - 2 potions of brilliance
 m - a potion of flight {unknown}
 p - a potion of mutation {unknown}
 s - a potion of ambrosia {unknown}
 t - a potion of haste {unknown}
 u - a potion of lignification
Comestibles
 d - 3 bread rations
 f - 4 fruits
 B - a meat ration
 C - 2 chunks of flesh


   Skills:
 + Level 4.0 Fighting
 + Level 3.9 Polearms
 + Level 4.2 Dodging
 + Level 4.9 Shields


You had 5 spell levels left.
You didn't know any spells.

Dungeon Overview and Level Annotations

Branches:
Dungeon (5/15)
 Temple: D:4-7

Altars:
Makhleb
Okawaru

Annotations:
D:5 Duvessa


Innate Abilities, Weirdness & Mutations

You cannot wear most types of armour.
You are amphibious.
You can wear up to eight rings at the same time.
((You can use your tentacles to constrict eight enemies at once.))
((Your skin changes colour to match your surroundings (Stealth).))
((Your rubbery body absorbs attacks (AC +1).))


Message History

Unknown command.
Read which item? (? for menu, Esc to quit)
Okay, then.
Drink which item? (? for menu, Esc to quit)
It was a potion of brilliance.
You feel clever all of a sudden.
You constrict Duvessa. You block Duvessa's attack.
Drink which item? (? for menu, Esc to quit)
It was a potion of lignification.
You turn into a tree.
Your roots penetrate the ground.
You lose your grip on Duvessa.
Duvessa completely misses you. Duvessa hits you but does no damage.
Drink which item? (? for menu, Esc to quit)
It was a potion of magic.
Magic courses through your body. Duvessa hits you with a short sword.
* * * LOW HITPOINT WARNING * * *
Drink which item? (? for menu, Esc to quit)
It was a potion of invisibility.
You become transparent, but the glow from your corona prevents you from becoming completely invisible.
Duvessa hits you with a short sword.
You die...

#..>. ###.. ...
..?.. #####.#
#.....
#.....##.....
#...<†....#
#.....#.###
##.#....##
#.......†##
#........♣#
...##...##.e..#
.$##
##.####.......
.# ...# ##.##..
#.### .# #.. #
#.


You could see Duvessa (berserk).

Vanquished Creatures
  Dowan (D:5)
  A crimson imp (D:4)
  A worker ant (D:4)
  12 adders
  4 gnolls (D:3)
  2 oozes
  2 worms (D:2)
  3 giant geckos
  2 orcs (D:3)
  3 ball pythons
  9 bats
  10 hobgoblins
  9 jackals
  3 quokkas
  7 giant cockroaches
  7 giant newts
  13 goblins
  9 kobolds
  A quokka skeleton (D:4)
  12 rats
111 creatures vanquished.

Vanquished Creatures (others)
  A giant cockroach (D:1)
1 creature vanquished.

Grand Total: 112 creatures vanquished

Notes
Turn   | Place    | Note
--------------------------------------------------------------
     0 | D:1      | DEFE the Octopode Fighter began the quest for the Orb.
     0 | D:1      | Reached XP level 1. HP: 16/16 MP: 1/1
   122 | D:1      | Reached XP level 2. HP: 18/21 MP: 2/2
   308 | D:1      | Reached XP level 3. HP: 26/26 MP: 3/3
   978 | D:2      | Reached XP level 4. HP: 19/31 MP: 4/4
  1291 | D:2      | Reached skill level 4 in Shields
  1805 | D:3      | Reached XP level 5. HP: 36/36 MP: 5/5
  3462 | D:4      | Reached XP level 6. HP: 42/42 MP: 6/6
  3481 | D:4      | Found an iron altar of Okawaru.
  3490 | D:4      | Became a worshipper of Warmaster Okawaru
  3570 | D:4      | Found a burning altar of Makhleb.
  3881 | D:5      | Entered Level 5 of the Dungeon
  3900 | D:5      | Noticed Dowan
  3905 | D:5      | Noticed Duvessa
  3905 | D:5      | Killed Dowan
  3911 | D:5      | HP: 2/64 [Duvessa/short sword (6)]
  3912 | D:5      | Slain by Duvessa

Action                   |  1- 3 |  4- 6 || total
-------------------------+-------+-------++-------
Melee: Trident           |    88 |   172 ||   260
  Use: Potion            |       |     4 ||     4
 Stab: Sleeping          |    18 |    10 ||    28
  Eat: Chunk             |       |    10 ||    10
